[Event "*** Titled Tuesday Blitz"]
[Site "Chess.com"]
[Date "2020.05.19"]
[Round "3"]
[White "zaur-mammadov"]
[Black "JLRHei"]
[Result "1-0"]
[WhiteElo "2547"]
[BlackElo "2336"]
[TimeControl "180+1"]
[EndTime "12:26:50 PDT"]
[Termination "zaur-mammadov won by resignation"]

1. e4 c5 2. c3 e6 3. d4 d5 4. e5 Nc6 5. Nf3 Bd7 6. Na3 Nge7 7.
Nc2 Nf5 8. Bd3 Be7 9. O-O O-O 10.
g4 Nh4 11. Nxh4 Bxh4 12. g5 Bxg5 13. Qh5 Bh6 14. Bxh6 gxh6 15. Qxh6 f5 16. exf6 Rf7 17. Kh1 Qxf6 18. Bxh7+ Kh8 19. Bg6+ Kg8 20. Bxf7+ Kxf7 21. Qxf6+ Kxf6 22. f4 Be8 23. dxc5 Bg6 24. f5 Bxf5 25. Ne3 Ne7 26. Rf2 Ke5 27. Nxf5 Nxf5 28. Re1+ Kf6 29.
Rfe2 Ng7 30. b4 Re8 31. a4 Nf5 32. b5 e5 33. Rf2 Ke6 34. Ref1 Rf8 35. c6 bxc6 36.
bxc6 e4 37. Rxf5 Rxf5 38. Rxf5 Kxf5 39. c7 e3 40. c8=Q+ Kf4 41. Qe8 1-0

[Event "*** Titled Tuesday Blitz"]
[Site "Chess.com"]
[Date "2020.05.19"]
[Round "3"]
[White "ChEsper99"]
[Black "heartofatiger"]
[Result "1-0"]
[WhiteElo "2048"]
[BlackElo "2446"]
[TimeControl "180+1"]
[EndTime "12:26:50 PDT"]
[Termination "ChEsper99 won by resignation"]

1. e4 c5 2. Nf3 e6 3. c3 d5 4. exd5 Qxd5 5. d4 Nf6 6. Be2 Be7 7. Be3 Nbd7 8. O-O b6 9. c4 Qc6 10. Nc3 Bb7 11. Qd2 Rd8 12. d5 exd5 13. cxd5 Nxd5 14.
Bb5 Qe6 15. Rfe1 Nxe3 16. Rxe3 Qg6 17. Bxd7+ Rxd7 18. Qxd7+ Kxd7 19. Ne5+ 1-0

[Event "*** Titled Tuesday Blitz"]
[Site "Chess.com"]
[Date "2020.05.19"]
[Round "3"]
[White "Juanovic"]
[Black "MYMChessAcademy"]
[Result "0-1"]
[WhiteElo "2159"]
[BlackElo "2354"]
[TimeControl "180+1"]
[EndTime "12:26:50 PDT"]
[Termination "MYMChessAcademy won by resignation"]

1. e4 c5 2. Nf3 d6 3. d4 cxd4 4. Nxd4 a6 5. Be2 e6 6. O-O b5 7. a4 bxa4 8. Nc3 Bb7 9. Rxa4 Nf6 10. Bf3 Nbd7 11. Nb3 Qc7 12. Rd4 Be7 13. Be3 O-O 14. Qd2 Ne5 15. Rd1 Nxf3+ 16. gxf3 Nd7 17. f4 Nf6 18. f3 d5 19. exd5 Nxd5 20. Nxd5 Bxd5 21.
c4 Bxf3 22. Rf1 Bc6 23. f5 Bf6 24. Rg4 Rab8 25. Nd4 Ba8 26. fxe6 fxe6 27. Nxe6 Qb7 28. Rxf6 Qh1+ 29. Kf2 Rxf6+ 30. Nf4 Qf3+ 31. Ke1 Qxg4 0-1

[Event "*** Titled Tuesday Blitz"]
[Site "Chess.com"]
[Date "2020.05.19"]
[Round "3"]
[White "noblerone"]
[Black "luizwas"]
[Result "1-0"]
[WhiteElo "2462"]
[BlackElo "1821"]
[TimeControl "180+1"]
[EndTime "12:26:51 PDT"]
[Termination "noblerone won by resignation"]

1. d4 e6 2. Nf3 f5 3. Bg5 Be7 4. Bxe7 Qxe7 5. g3 Nf6 6. Nbd2 d5 7. Bg2 c6 8. Ne5 O-O 9. O-O Nbd7 10. Ndf3 Ne4 11. Nxd7 Bxd7 12. c3 Be8 13. Ne5 Bh5 14.
f3 Nd6 15. Qb3 a5 16. a4 g5 17. Rae1 g4 18. h3 gxh3 19. Bxh3 Rf6 20. Kf2 Nc4 21. Nxc4 dxc4 22. Qxc4 Rg6 23. Bxf5 Rxg3 24. Qxe6+ 1-0

[Event "*** Titled Tuesday Blitz"]
[Site "Chess.com"]
[Date "2020.05.19"]
[Round "3"]
[White "Paul66666"]
[Black "Storchnoi"]
[Result "1-0"]
[WhiteElo "2609"]
[BlackElo "1934"]
[TimeControl "180+1"]
[EndTime "12:26:53 PDT"]
[Termination "Paul66666 won by resignation"]

1. e4 c5 2. Nf3 Nc6 3. d4 cxd4 4. c3 d5 5. exd5 Qxd5 6. cxd4 Bg4 7. Nc3 Bxf3 8.
Nxd5 Bxd1 9. Nc7+ Kd7 10. Nxa8 Bh5 11. d5 Nb4 12. Bb5+ Kd8 13. O-O Nxd5 14. Be3 a6 15.
Bc4 e6 16. Bxd5 exd5 17. Nb6 Nf6 18. Bg5 Be7 19. Bxf6 Bxf6 20. Nxd5 Be5 21. Rfe1 f6 22.
f4 Bd6 23. Rac1 Bf7 24. Nb6 Bc7 25. Red1+ 1-0

[Event "*** Titled Tuesday Blitz"]
[Site "Chess.com"]
[Date "2020.05.19"]
[Round "3"]
[White "lelya96"]
[Black "HaryKane"]
[Result "0-1"]
[WhiteElo "2256"]
[BlackElo "2559"]
[TimeControl "180+1"]
[EndTime "12:26:53 PDT"]
[Termination "HaryKane won by resignation"]

1. e4 e6 2. d4 d5 3. Nc3 Nf6 4.
Bg5 Be7 5. e5 Nfd7 6. Bxe7 Qxe7 7. f4 O-O 8. Nb5 Nb6 9. Nf3 a6 10. Nc3 c5 11. Bd3 h6 12. O-O Nc6 13. dxc5 Qxc5+ 14.
Kh1 Nc4 15. Bxc4 dxc4 16. Ne4 Qb4 17. Nh4 Qxb2 18. Qg4 Qxc2 19. Nf6+ Kh8 20. Nh5 Qh7 21. a4 Nd4 22. Rfc1 Nb3 23. Rab1 Nxc1 24. Rxc1 b5 25. a5 Bb7 26. f5 exf5 27. Nxf5 Qg6 28. Qh3 Bc8 29. Nhxg7 Qxg7 0-1

[Event "*** Titled Tuesday Blitz"]
[Site "Chess.com"]
[Date "2020.05.19"]
[Round "3"]
[White "Ariadna_Atreides"]
[Black "fabianvivasz"]
[Result "0-1"]
[WhiteElo "2060"]
[BlackElo "2307"]
[TimeControl "180+1"]
[EndTime "12:26:54 PDT"]
[Termination "fabianvivasz won by checkmate"]

1. d4 Nf6 2. Nf3 g6 3. c4 Bg7 4.
Nc3 d5 5. cxd5 Nxd5 6. Na4 O-O 7. e4 Nb6 8. Be3 Nc6 9. Nc5 Bg4 10. Nxb7 Qb8 11. Nc5 Rd8 12. Bb5 Nxd4 13. Bxd4 Bxd4 14. Nd3 Bxb2 15. O-O Bxa1 16. Qxa1 Bxf3 17. gxf3 a6 18. Bc6 Rxd3 19. Bxa8 Qxa8 20. Kg2 Qc6 21. Rc1 Qd6 22.
Qb1 Rd2 23. Kg1 Qd4 24. Rf1 Nc4 25. Qb8+ Kg7 26. Qxc7 Ne5 27. Kg2 Nd3 28. Qxe7 Rxf2+ 29. Rxf2 Qxf2+ 30. Kh3 Qxf3+ 31. Kh4 Qf2+ 32. Kg4 Qg2+ 33. Kh4 Qxh2+ 34. Kg4 h5+ 35. Kg5 Qg3# 0-1

[Event "*** Titled Tuesday Blitz"]
[Site "Chess.com"]
[Date "2020.05.19"]
[Round "3"]
[White "Thee-Chessboy"]
[Black "Zufi1811"]
[Result "1-0"]
[WhiteElo "2393"]
[BlackElo "2560"]
[TimeControl "180+1"]
[EndTime "12:26:56 PDT"]
[Termination "Thee-Chessboy won by resignation"]

1. d4 d5 2. c4 e6 3. Nf3 Nf6 4. g3 Be7 5. Bg2 O-O 6. O-O dxc4 7. Ne5 c5 8. dxc5 Qc7 9. Nxc4 Qxc5 10. b3 Rd8 11.
Nbd2 Nc6 12. Ba3 Qh5 13. Bxe7 Nxe7 14. e3 Qxd1 15. Rfxd1 Rb8 16. Ne4 Rf8 17. Nxf6+ gxf6 18. Nd6 f5 19. Rac1 Ng6 20. Rc7 e5 21. Rdc1 Be6 22. Nxb7 e4 23. Nc5 a5 24. Nxe6 fxe6 25. Bf1 Ne5 26.
R1c5 Nf3+ 27. Kg2 Rfd8 28. Bc4 Rb6 29. Rxf5 1-0

[Event "*** Titled Tuesday Blitz"]
[Site "Chess.com"]
[Date "2020.05.19"]
[Round "3"]
[White "elohunter1999"]
[Black "Novoselski"]
[Result "1-0"]
[WhiteElo "2541"]
[BlackElo "2323"]
[TimeControl "180+1"]
[EndTime "12:26:58 PDT"]
[Termination "elohunter1999 won by resignation"]

1. e4 e5 2. Nf3 Nc6 3. Bb5 a6 4. Ba4 d6 5. O-O Bd7 6. d4 Nge7 7. c3 Ng6 8. Be3 Be7 9. Nbd2 O-O 10. Re1 h6 11. Nf1 Nh4 12. Nxh4 Bxh4 13. Bc2 Bg5 14. Qd2 Qf6 15. Rad1 Bg4 16. f3 Bc8 17. Bxg5 hxg5 18. Ne3 Ne7 19. Bb3 Qf4 20. Rf1 c6 21. dxe5 dxe5 22. g3 Qf6 23. Ng4 Bxg4 24. fxg4 Qg6 25. Qd7 Rae8 26. Bxf7+ Qxf7 27. Rxf7 Kxf7 28. Rf1+ Kg8 29.
Qe6+ 1-0

[Event "*** Titled Tuesday Blitz"]
[Site "Chess.com"]
[Date "2020.05.19"]
[Round "3"]
[White "jefferyx"]
[Black "econpower"]
[Result "1/2-1/2"]
[WhiteElo "2940"]
[BlackElo "2651"]
[TimeControl "180+1"]
[EndTime "12:26:59 PDT"]
[Termination "Game drawn by agreement"]

1. c4 g6 2. Nc3 Bg7 3. d4 d6 4. e4 Nd7 5. Be2 e5 6. Be3 Ne7 7. h4 h6 8. Nf3 O-O 9. Qd2 Kh7 10. h5 g5 11. Bxg5 hxg5 12. Nxg5+ Kh8 13. h6 Bf6 14. d5 Bxg5 15. Qxg5 Rg8 16. Qe3 Rxg2 17. O-O-O Ng6 18. Rdg1 Rxg1+ 19. Rxg1 Ndf8 20. Bh5 a6 21. Ne2 Qf6 22. Rg5 Nh7 23. Rg3 Bd7 24. Bxg6 fxg6 25.
f4 Rf8 26. fxe5 Qxe5 27. Rxg6 Rf1+ 28. Kc2 Bf5 29. Ng3 Bxg6 30. Nxf1 Qxe4+ 31. Qxe4 Bxe4+ 32. Kc3 Nf6 33. Kd4 Bb1 34. a3 Kh7 35. Ne3 Kxh6 36. b4 Kg5 37. c5 Ba2 38. a4 Bb3 39. b5 dxc5+ 40. Kxc5 Bxa4 41. b6 cxb6+ 42. Kxb6 Bb5 43. d6 Kf4 44. Nc2 Ke5 45. Kxb7 Kxd6 46. Kb6 Nd5+ 47. Ka5 Kc5 48. Nd4 Nb6 49. Ne6+ Kc6 50. Nd8+ Kc5 51. Ne6+ Kd6 52. Kxb6 Kxe6 53. Ka5 Kd5 54.
Kb4 Kd4 55. Kb3 a5 56. Kb2 a4 57. Ka1 Kc3 58. Kb1 1/2-1/2

[Event "*** Titled Tuesday Blitz"]
[Site "Chess.com"]
[Date "2020.05.19"]
[Round "3"]
[White "cstevens1"]
[Black "tufferguy"]
[Result "1-0"]
[WhiteElo "2571"]
[BlackElo "2373"]
[TimeControl "180+1"]
[EndTime "12:27:00 PDT"]
[Termination "cstevens1 won by resignation"]

1. e4 e5 2. Nf3 Nc6 3. Bb5 a6 4.
Ba4 Nf6 5. d3 Bc5 6. O-O b5 7.
Bb3 d6 8. a4 Rb8 9. h3 O-O 10.
Nc3 Na5 11. Ba2 b4 12. Ne2 h6 13. Bb1 Nc6 14. Be3 Qe7 15. Ba2 Be6 16. Nd2 Nd7 17. Bc4 Bxc4 18. Nxc4 f5 19. exf5 d5 20.
Bxc5 Nxc5 21. Ne3 d4 22. Nc4 Rxf5 23. Ng3 Rff8 24. b3 Qg5 25. Qe2 Rbe8 26. Rae1 g6 27. Ne4 Qe7 28. Nxc5 Qxc5 29. Nd2 Qxc2 30. Rc1 Qb2 31. Rxc6 Kh7 32. Qd1 Rf5 33. Rxc7+ Kg8 34. Rc2 Qa3 35. Qb1 Ref8 36. Nc4 1-0

[Event "*** Titled Tuesday Blitz"]
[Site "Chess.com"]
[Date "2020.05.19"]
[Round "3"]
[White "Andrii_Prydun"]
[Black "pawnwonder"]
[Result "1-0"]
[WhiteElo "2396"]
[BlackElo "2198"]
[TimeControl "180+1"]
[EndTime "12:27:01 PDT"]
[Termination "Andrii_Prydun won on time"]

1. d4 Nf6 2. Nc3 g6 3. g3 d5 4. Bf4 Bg7 5. Bg2 O-O 6. Nf3 c6 7. O-O Nbd7 8. Re1 Re8 9. Ne5 Nh5 10. e4 Nxf4 11. gxf4 dxe4 12. Nxe4 Nf6 13. Ng5 Rf8 14. c3 h6 15. Ngf3 Nd5 16. Qd2 Bf5 17. Nh4 Be6 18. Nexg6 fxg6 19. Rxe6 Nxf4 20. Re4 Nxg2 21. Kxg2 Qd5 22.
f3 Qd6 23. Rae1 Rf7 24. Re6 Qd5 25. Rxg6 Raf8 26. Qxh6 Qxa2 27. Rg1 Qxb2+ 28. Kh1 1-0

[Event "*** Titled Tuesday Blitz"]
[Site "Chess.com"]
[Date "2020.05.19"]
[Round "3"]
[White "chessdjw"]
[Black "GMaka"]
[Result "1-0"]
[WhiteElo "2702"]
[BlackElo "2428"]
[TimeControl "180+1"]
[EndTime "12:27:02 PDT"]
[Termination "chessdjw won by resignation"]

1. e4 c6 2. Nf3 d5 3. Nc3 dxe4 4. Nxe4 Nf6 5. Qe2 Nxe4 6. Qxe4 Nd7 7. Bc4 Nf6 8. Ne5 e6 9. Qe2 Bd6 10. d4 O-O 11. O-O c5 12. dxc5 Bxc5 13. Bg5 Be7 14. Rad1 Qa5 15. Rfe1 Nd5 16. Rxd5 exd5 17. Bxe7 Re8 18.
Nxf7 dxc4 19. Nd6 Rxe7 20. Qxe7 h6 1-0

[Event "*** Titled Tuesday Blitz"]
[Site "Chess.com"]
[Date "2020.05.19"]
[Round "3"]
[White "Klaus1995"]
[Black "FelixBlohberger"]
[Result "0-1"]
[WhiteElo "1804"]
[BlackElo "2599"]
[TimeControl "180+1"]
[EndTime "12:27:04 PDT"]
[Termination "FelixBlohberger won by resignation"]

1. e4 c5 2. Nf3 Nf6 3. Nc3 d6 4. d4 cxd4 5. Nxd4 a6 6. Be3 e6 7. f3 h5 8. Qd2 b5 9. a3 Bb7 10. Be2 Nbd7 11. O-O Be7 12. Bd3 Rc8 13. f4 Ng4 14. Kh1 Nxe3 15. Qxe3 Qb6 16. Rfe1 Bf6 17. e5 dxe5 18. fxe5 Nxe5 19. Qf4 Nxd3 20. cxd3 Qxd4 21.
Re4 Bxe4 22. Nxe4 O-O 23. Rf1 Qxb2 24. Qf3 Rc1 25. Nxf6+ gxf6 26. h3 Rxf1+ 27. Qxf1 Rc8 28. Qf3 Rc1+ 29. Kh2 Qe5+ 30. g3 Rc2+ 31. Kg1 Qe1+ 0-1

[Event "*** Titled Tuesday Blitz"]
[Site "Chess.com"]
[Date "2020.05.19"]
[Round "3"]
[White "SaqoChess_Twitch"]
[Black "pollo2016"]
[Result "1-0"]
[WhiteElo "2390"]
[BlackElo "2559"]
[TimeControl "180+1"]
[EndTime "12:27:11 PDT"]
[Termination "SaqoChess_Twitch won by resignation"]

1. d4 Nf6 2. c4 e6 3. Nc3 Bb4 4.
a3 Bxc3+ 5. bxc3 b6 6. e3 Nc6 7. Bd3 Ba6 8. e4 e5 9. Ne2 O-O 10. O-O Re8 11. f4 exd4 12. e5 d5 13. exf6 dxc4 14.
Bf5 g6 15. Ng3 d3 16. Be4 Qd6 17. f5 Rad8 18. fxg6 hxg6 19. Qg4 Ne5 20. Qh4 d2 21. Qh6 Qf8 22. Bxd2 Ng4 23. Qg5 Re5 24. Qxg4 Rxd2 25. Bxg6 fxg6 26. Qxg6+ Kh8 27. Rf5 Bb7 28. Rh5+ Rxh5 29.
Qxh5+ Kg8 30. Qg5+ 1-0

[Event "*** Titled Tuesday Blitz"]
[Site "Chess.com"]
[Date "2020.05.19"]
[Round "3"]
[White "ValeriyGrinev"]
[Black "SharapovEvgeny"]
[Result "1/2-1/2"]
[WhiteElo "2553"]
[BlackElo "2373"]
[TimeControl "180+1"]
[EndTime "12:27:13 PDT"]
[Termination "Game drawn by repetition"]

1. d4 d5 2. c4 c6 3. Nf3 Nf6 4. Nc3 g6 5. cxd5 cxd5 6. Bf4 Bg7 7. e3 O-O 8. Bd3 Bf5 9. Bxf5 gxf5 10. Qd3 Ne4 11. h3 Nc6 12. g4 e6 13. gxf5 exf5 14. Rg1 Kh8 15. Ne5 f6 16. Nxc6 bxc6 17. f3 Nxc3 18. Qxc3 Qb6 19. Bd6 Rg8 20. Bc5 Qa6 21.
Qa3 Qxa3 22. Bxa3 Bh6 23. Kf2 Rxg1 24. Rxg1 Re8 25. f4 Bf8 26. Bxf8 Rxf8 27. Rc1 Rc8 28. Rc5 Kg7 29. b4 Rb8 30. Rxc6 Rxb4 31. Rc7+ Kg6 32.
Rxa7 Rb2+ 33. Kf3 Rh2 34. a4 Rxh3+ 35. Kf2 Rh2+ 36. Kg3 Re2 37. Kf3 Ra2 38. a5 h5 39.
a6 h4 40. Ra8 Kg7 41. Ra7+ Kg6 42. Ra8 Kg7 43. Ra7+ Kg6 1/2-1/2

[Event "*** Titled Tuesday Blitz"]
[Site "Chess.com"]
[Date "2020.05.19"]
[Round "3"]
[White "willc-h99"]
[Black "Dare-Dare"]
[Result "1-0"]
[WhiteElo "2415"]
[BlackElo "2225"]
[TimeControl "180+1"]
[EndTime "12:27:13 PDT"]
[Termination "willc-h99 won by resignation"]

1. c4 d6 2. g3 e5 3. Bg2 f5 4. Nc3 Nf6 5. d3 Be7 6. e4 O-O 7. Nge2 c6 8. O-O Qe8 9. exf5 Bxf5 10. f4 Qh5 11. Kh1 Ng4 12. h3 Nh6 13. Ng1 Qg6 14. g4 Bxd3 15. f5 Bxf5 16. Bxh6 Bxg4 17. Qxg4 Qxh6 18.
Rxf8+ Bxf8 19. Qc8 1-0

[Event "*** Titled Tuesday Blitz"]
[Site "Chess.com"]
[Date "2020.05.19"]
[Round "3"]
[White "chito89"]
[Black "kingofthenil"]
[Result "1-0"]
[WhiteElo "2734"]
[BlackElo "2494"]
[TimeControl "180+1"]
[EndTime "12:27:14 PDT"]
[Termination "chito89 won on time"]

1. e4 e6 2. d4 d5 3. Nc3 Nf6 4.
e5 Nfd7 5. Nce2 c5 6. c3 Nc6 7. Nf3 Be7 8. a3 b5 9. Nf4 b4 10. axb4 cxb4 11. Bd3 a5 12. Nh5 O-O 13. h4 f5 14. Nf4 Nb6 15. g4 fxg4 16. Ng5 Rxf4 17.
Bxh7+ Kf8 18. Bxf4 1-0

[Event "*** Titled Tuesday Blitz"]
[Site "Chess.com"]
[Date "2020.05.19"]
[Round "3"]
[White "m_ezat"]
[Black "Jospem"]
[Result "1-0"]
[WhiteElo "2563"]
[BlackElo "2808"]
[TimeControl "180+1"]
[EndTime "12:27:15 PDT"]
[Termination "m_ezat won by checkmate"]

1. d4 Nf6 2. c4 e6 3. Nc3 Bb4 4. e3 O-O 5. a3 Bxc3+ 6. bxc3 c5 7. Bd3 Nc6 8. Ne2 d6 9. O-O b6 10. e4 e5 11. f3 Ba6 12. Bg5 h6 13. Bh4 Na5 14.
f4 exf4 15. Nxf4 g5 16. Nh5 Nxh5 17. Qxh5 Kg7 18. e5 Bxc4 19. Bxc4 Nxc4 20. Rf6 Qxf6 21. exf6+ Kxf6 22. Qxh6+ Kf5 23. Qxg5+ Ke4 24. dxc5 bxc5 25.
Qg4+ Kd3 26. Rd1+ Nd2 27. Qf5+ Kxc3 28. Bf6+ Kc4 29. Rxd2 Rfe8 30. Qd3# 1-0

[Event "*** Titled Tuesday Blitz"]
[Site "Chess.com"]
[Date "2020.05.19"]
[Round "3"]
[White "Chessmatus"]
[Black "IMinTheWings"]
[Result "1-0"]
[WhiteElo "2497"]
[BlackElo "2222"]
[TimeControl "180+1"]
[EndTime "12:27:15 PDT"]
[Termination "Chessmatus won by resignation"]

1. e4 c5 2. Nf3 d6 3. d4 cxd4 4. Nxd4 Nf6 5. Nc3 a6 6. Be3 Ng4 7.
Bc1 Nf6 8. f3 e5 9. Nb3 Be6 10.
Be3 Be7 11. Qd2 Nbd7 12. O-O-O b5 13. g4 Rc8 14. Kb1 O-O 15. g5 Nh5 16. Nd5 Bxd5 17. exd5 f5 18. gxf6 Nhxf6 19. Na5 e4 20. Nc6 Qe8 21.
fxe4 Nxe4 22. Qg2 Ndf6 23. Bd3 Nc5 24. Bf5 Rc7 25. Rhe1 g6 26. Bg5 Kh8 27. Be6 Nxe6 28. Rxe6 Ng8 29. Rde1 Rf7 30. Qe4 Qf8 31. Nxe7 Nxe7 32.
Bxe7 Rfxe7 33. Rxe7 Rxe7 34. Qxe7 Qxe7 35. Rxe7 1-0

[Event "*** Titled Tuesday Blitz"]
[Site "Chess.com"]
[Date "2020.05.19"]
[Round "3"]
[White "124chess"]
[Black "MergenKakabaev"]
[Result "1-0"]
[WhiteElo "2762"]
[BlackElo "2447"]
[TimeControl "180+1"]
[EndTime "12:27:18 PDT"]
[Termination "124chess won by resignation"]

1. d4 d5 2. c4 c6 3. Nf3 Nf6 4. e3 e6 5. b3 Nbd7 6. Bb2 Be7 7. Bd3 b6 8. O-O Bb7 9. Nc3 c5 10. cxd5 Nxd5 11. Nxd5 Bxd5 12. e4 Bb7 13. dxc5 Nxc5 14. Bxg7 Rg8 15. Bb5+ Nd7 16. Ne5 Rxg7 17. Bxd7+ Kf8 18.
Bc6 Qc7 19. Bxb7 Qxb7 20. Qf3 Kg8 21. Rfd1 Qc7 22. Ng4 Rc8 23. g3 Rg5 24. Nh6+ Kg7 25. Nxf7 1-0

[Event "*** Titled Tuesday Blitz"]
[Site "Chess.com"]
[Date "2020.05.19"]
[Round "3"]
[White "eightbyeightchess"]
[Black "MariaFominykh"]
[Result "0-1"]
[WhiteElo "2536"]
[BlackElo "2382"]
[TimeControl "180+1"]
[EndTime "12:27:19 PDT"]
[Termination "MariaFominykh won by resignation"]

1. e4 e6 2. d4 d5 3. e5 c5 4. c3 Nc6 5. Nf3 Nge7 6. Bd3 Nf5 7.
Bxf5 exf5 8. O-O Be6 9. a3 cxd4 10. cxd4 Be7 11. b4 O-O 12. Nbd2 h6 13. Nb3 b6 14. b5 Nb8 15. a4 a5 16. Ba3 Nd7 17. Bxe7 Qxe7 18. Rc1 Rfc8 19. Qd2 Nf8 20. g3 Rc4 21. Qd3 Rac8 22. Nfd2 Rxa4 23. Rxc8 Bxc8 24.
Rc1 Bd7 25. Rc7 Qb4 26. Qf3 Qxb5 27. h4 Ra3 28. Kg2 a4 0-1

[Event "*** Titled Tuesday Blitz"]
[Site "Chess.com"]
[Date "2020.05.19"]
[Round "3"]
[White "AttilaTurzo"]
[Black "BikingBrian"]
[Result "1-0"]
[WhiteElo "2494"]
[BlackElo "2244"]
[TimeControl "180+1"]
[EndTime "12:27:19 PDT"]
[Termination "AttilaTurzo won by resignation"]

1. e4 c5 2. Nf3 g6 3. d4 cxd4 4. Nxd4 Nc6 5. c4 Nf6 6. Nc3 d6 7. Be2 Nxd4 8. Qxd4 Bg7 9. O-O O-O 10. Qd3 Be6 11. Bd2 Rc8 12. b3 Nd7 13. Rac1 Nc5 14.
Qe3 a5 15. Kh1 Qb6 16. f4 Bd7 17. Nd5 Qd8 18. f5 Bc6 19. Bc3 Bxd5 20. exd5 Nd7 21. Qg5 Ne5 22. h4 f6 23. Qg3 Kf7 24. Bxe5 dxe5 25.
fxg6+ hxg6 26. Qxe5 Rh8 27. Qe6+ Kf8 28. g3 Qd6 29.
Qxc8+ Kf7 30. Qg4 g5 31. h5 1-0

[Event "*** Titled Tuesday Blitz"]
[Site "Chess.com"]
[Date "2020.05.19"]
[Round "3"]
[White "Quiet_Desperation"]
[Black "Nastya_Rakhmangulova"]
[Result "1-0"]
[WhiteElo "2080"]
[BlackElo "2297"]
[TimeControl "180+1"]
[EndTime "12:27:19 PDT"]
[Termination "Quiet_Desperation won by resignation"]

1. e4 d5 2. exd5 Qxd5 3. Nc3 Qd6 4. Nf3 Nf6 5. Be2 Bg4 6. O-O Nc6 7. b3 a6 8. Bb2 O-O-O 9. d3 e5 10. h3 Bh5 11.
Ng5 Bg6 12. Bf3 Nd4 13. Nge4 Nxe4 14. Nxe4 Qb6 15. c3 Nxf3+ 16. Qxf3 f5 17. Ng3 Qf6 18.
c4 Bc5 19. Rfe1 Bd4 20. Bxd4 Rxd4 21. Ne2 Rd7 22. Nc3 c6 23. Rad1 Rhd8 24. Na4 Kc7 25. Qg3 f4 26. Qg4 Rxd3 27. Rxd3 Rxd3 28.
Nc5 Rd6 29. Ne4 Bxe4 30. Rxe4 Rd4 31. Re1 e4 32. Qh5 Rd2 33. Qa5+ 1-0

[Event "*** Titled Tuesday Blitz"]
[Site "Chess.com"]
[Date "2020.05.19"]
[Round "3"]
[White "KingChess345"]
[Black "Everyfishknows"]
[Result "1-0"]
[WhiteElo "2219"]
[BlackElo "2390"]
[TimeControl "180+1"]
[EndTime "12:27:20 PDT"]
[Termination "KingChess345 won by resignation"]

1. d4 Nf6 2. Nf3 e6 3. g3 d5 4. Bg2 Be7 5. O-O O-O 6. c4 Nbd7 7. Qc2 c6 8. Nbd2 b6 9. e4 Bb7 10. cxd5 cxd5 11. e5 Ne8 12. Re1 Rc8 13. Qa4 a6 14. Bf1 b5 15. Qd1 Nb6 16. Bd3 g6 17. Nf1 Ng7 18. h4 f6 19. N1h2 Nc4 20. b3 fxe5 21. dxe5 Nb6 22. Ng4 d4 23. Ng5 h5 24. Nh6+ Kh8 25.
Ngf7+ Rxf7 26. Nxf7+ Kh7 27. Nxd8 Rxd8 28. Bg5 Bb4 29.
Bxd8 1-0

[Event "*** Titled Tuesday Blitz"]
[Site "Chess.com"]
[Date "2020.05.19"]
[Round "3"]
[White "Charlottemillard17"]
[Black "GoValya"]
[Result "0-1"]
[WhiteElo "1418"]
[BlackElo "2205"]
[TimeControl "180+1"]
[EndTime "12:27:22 PDT"]
[Termination "GoValya won on time"]

1. e4 e6 2. d4 c5 3. Nf3 cxd4 4. Nxd4 Nc6 5. Nb3 d5 6. e5 Nxe5 7. f4 Nc6 8. Be2 Qb6 9. Nc3 Nf6 10. Na4 Qb4+ 11.
Nc3 Ne4 12. Bd2 Qb6 13. Nxe4 dxe4 14. Bc3 Be7 15. Qd2 O-O 16. O-O-O Rd8 17. Qe1 a5 18. Rxd8+ Bxd8 19. a3 a4 20. Nd2 Qe3 21. Rf1 Nd4 22.
Bxd4 Qxd4 23. Bb5 Bf6 24. c3 Qb6 25. Bc4 e3 26. Nf3 Bd7 27. g4 Rc8 28. Bd3 Bxc3 29. bxc3 Qb3 0-1

[Event "*** Titled Tuesday Blitz"]
[Site "Chess.com"]
[Date "2020.05.19"]
[Round "3"]
[White "Salem-AR"]
[Black "Pavel_Mir"]
[Result "1-0"]
[WhiteElo "3042"]
[BlackElo "2192"]
[TimeControl "180+1"]
[EndTime "12:27:23 PDT"]
[Termination "Salem-AR won by resignation"]

1. d4 Nf6 2. c4 c6 3. Nf3 d5 4. Nc3 dxc4 5. e4 b5 6. Be2 e6 7. O-O a6 8. e5 Nd5 9. Ne4 h6 10.
Bd2 Be7 11. b3 cxb3 12. Qxb3 Bb7 13. Ne1 a5 14. Qg3 g6 15. Nd3 Nd7 16. Ndc5 Nxc5 17. dxc5 b4 18. Rfe1 Ba6 19. Bg4 Qc7 20. Nd6+ Bxd6 21.
exd6 Qd7 22. a3 h5 23. Bf3 h4 24. Qe5 Rg8 25. axb4 axb4 26. Bxd5 cxd5 27. Qxd5 Ra7 28.
c6 Qc8 29. d7+ 1-0

[Event "*** Titled Tuesday Blitz"]
[Site "Chess.com"]
[Date "2020.05.19"]
[Round "3"]
[White "26andrej26"]
[Black "Gareth-Bale11"]
[Result "0-1"]
[WhiteElo "2428"]
[BlackElo "2705"]
[TimeControl "180+1"]
[EndTime "12:27:24 PDT"]
[Termination "Gareth-Bale11 won by resignation"]

1. e4 c5 2. Nf3 d6 3. d4 cxd4 4. Nxd4 Nf6 5. Nc3 a6 6. Bc4 e6 7. Bb3 b5 8. O-O Nbd7 9. f4 Nc5 10. Qf3 Bb7 11. f5 e5 12. Nde2 Nxb3 13. axb3 Qc7 14. Rf2 Qc6 15. Ng3 b4 16. Na4 Nxe4 17. Nxe4 Qxe4 18.
Qxe4 Bxe4 19. Nb6 Rb8 20. Rxa6 f6 21. Rd2 d5 22. Nxd5 Bc5+ 23. Kf1 O-O 24. Ra5 Rfc8 25. g4 h5 26. h3 hxg4 27. hxg4 Ra8 28. Rxa8 Rxa8 29.
c3 Ra1 30. Rd1 Bf3 31. Re1 Bxd5 0-1

[Event "*** Titled Tuesday Blitz"]
[Site "Chess.com"]
[Date "2020.05.19"]
[Round "3"]
[White "IwkooO"]
[Black "S_Kalvaitis"]
[Result "1-0"]
[WhiteElo "2549"]
[BlackElo "2347"]
[TimeControl "180+1"]
[EndTime "12:27:24 PDT"]
[Termination "IwkooO won by resignation"]

1. e4 e5 2. Nf3 Nc6 3. Bb5 a6 4. Ba4 Nf6 5. O-O Be7 6. Re1 b5 7. Bb3 O-O 8. h3 Bb7 9. d3 d6 10. c3 Na5 11. Bc2 c5 12. Be3 Re8 13. Nbd2 Nc6 14.
a3 d5 15. d4 cxd4 16. cxd4 exd4 17. Nxd4 Nxd4 18. Bxd4 dxe4 19. Nxe4 Nxe4 20. Bxe4 Bxe4 21. Rxe4 Bf8 22. Qf3 Rxe4 23. Qxe4 Rc8 24. Bc3 a5 25. Qg4 Rc4 26. Rd1 Qc7 27. Qd7 b4 28. axb4 axb4 29.
Qxc7 Rxc7 30. Be5 Rc2 31. Rd8 Rc1+ 32. Kh2 Rd1 33. Rxd1 1-0

[Event "*** Titled Tuesday Blitz"]
[Site "Chess.com"]
[Date "2020.05.19"]
[Round "3"]
[White "Spartakus1975"]
[Black "Matveev_Vladimir"]
[Result "1-0"]
[WhiteElo "2680"]
[BlackElo "2494"]
[TimeControl "180+1"]
[EndTime "12:27:26 PDT"]
[Termination "Spartakus1975 won by resignation"]

1. e4 d6 2. d4 g6 3. Nc3 Bg7 4. Be3 a6 5. a4 Nc6 6. Nge2 Nf6 7.
h3 O-O 8. g4 e5 9. d5 Ne7 10.
Ng3 c6 11. g5 Ne8 12. h4 f5 13.
gxf6 Nxf6 14. h5 Ng4 15. hxg6 hxg6 16. Qd2 Nxe3 17. Qxe3 cxd5 18. Nxd5 Nxd5 19. exd5 Rf4 20. Bd3 Qa5+ 21. c3 Qxd5 22. O-O-O Bg4 23. Be4 Qa5 24. Rxd6 Qxa4 25. Bd5+ Kf8 26. Qc5 Ke8 27. Bxb7 Qa1+ 28. Kc2 Qa4+ 29. Kb1 1-0

[Event "*** Titled Tuesday Blitz"]
[Site "Chess.com"]
[Date "2020.05.19"]
[Round "3"]
[White "Boudicca64"]
[Black "paperotto610"]
[Result "0-1"]
[WhiteElo "2015"]
[BlackElo "2293"]
[TimeControl "180+1"]
[EndTime "12:27:27 PDT"]
[Termination "paperotto610 won on time"]

1. e4 d5 2. exd5 Qxd5 3. Nc3 Qd8 4. d4 g6 5. h3 Bg7 6. Nf3 Nf6 7. Bc4 O-O 8. O-O Nbd7 9. Re1 Nb6 10. Bb3 Nbd5 11. Bg5 c6 12. Nxd5 cxd5 13. Ne5 Ne4 14. Bf4 Be6 15. Qe2 a5 16. Qb5 Qe8 17. a4 Qxb5 18. axb5 Rfd8 19. Ra4 g5 20. Bh2 Nd6 21. Rea1 b6 22.
Nc6 Rd7 23. Ne5 Bxe5 24. dxe5 Nxb5 25. R4a2 Nd4 0-1